 Dungeon Crawl Stone Soup version 0.18-a0-888-gdb73dea (webtiles) character file.

963 filipzpl the Skirmisher (level 8, -2/53 HPs)
             Began as a Gargoyle Berserker on Dec 23, 2015.
             Was a Priest of Trog.
             Slain by an ogre
             ... wielding a +0 giant spiked club
              (5 damage)
             ... on level 5 of the Dungeon.
             The game lasted 00:16:07 (4791 turns).

filipzpl the Skirmisher (Gargoyle Berserker)        Turns: 4791, Time: 00:16:08

Health: -2/53      AC: 20    Str: 24    XL:     8   Next: 15%
Magic:  8/8        EV:  8    Int:  7    God:    Trog [***...]
Gold:   287        SH:  0    Dex:  9    Spells: 0 memorised, 7 levels left

rFire  . . .     SeeInvis .     b - +0 flail
rCold  . . .     Gourm    .     p - +0 chain mail
rNeg   + . .     Faith    .     (no shield)
rPois  ∞         Spirit   .     (no helmet)
rElec  +         Dismiss  .     d - +1 cloak
rCorr  .         Reflect  .     r - +2 pair of gloves
SustAt .         Harm     .     m - +0 pair of boots
MR     .....                    (no amulet)
Stlth  ..........               (no ring)
                                v - ring of loudness

@: not resistant to hostile enchantments, extremely unstealthy
A: negative energy resistance 1, electricity resistance, unbreathing,
petrification resistance, rot immunity, AC +5
a: Berserk, Trog's Hand, Burn Spellbooks, Renounce Religion


You were on level 5 of the Dungeon.
You worshipped Trog.
Trog was most pleased with you.
You were not hungry.

You visited 1 branch of the dungeon, and saw 5 of its levels.

You collected 287 gold pieces.

Inventory:

Hand Weapons
 b - a +0 flail (weapon)
Armour
 d - a +1 cloak (worn)
 m - a +0 pair of boots (worn)
 p - a +0 chain mail (worn)
 r - a +2 pair of gloves (worn)
Jewellery
 v - a ring of loudness (left hand)
Wands
 k - a wand of confusion (24/48)
 n - a wand of confusion (46/48)
Scrolls
 a - 2 scrolls of identify
 i - 2 scrolls of enchant weapon
 j - 2 scrolls of enchant armour
 o - 2 scrolls of recharging
Potions
 e - a potion of lignification {unknown}
 f - 2 potions of brilliance {unknown}
 g - a potion of curing {unknown}
 h - a potion of heal wounds {unknown}
 q - a potion of poison {unknown}
 s - 3 potions of invisibility {unknown}
 t - a potion of degeneration {unknown}
Books
 c - a book of Flames

   Spells                             Type                      Level
   a - Flame Tongue                   Conjuration/Fire             1
   b - Throw Flame                    Conjuration/Fire             2
   c - Conjure Flame                  Conjuration/Fire             3
   d - Inner Flame                    Hexes/Fire                   3
   e - Sticky Flame                   Conjuration/Fire             4
   f - Fireball                       Conjuration/Fire             5
   Trog disapproves of the use of such an item.
Comestibles
 l - a bread ration


   Skills:
 * Level 7.2 Fighting
 * Level 6.7 Maces & Flails
 - Level 2.1 Armour
 - Level 1.5 Dodging
 + Level 3.9 Stealth


You had 7 spell levels left.
You didn't know any spells.

Dungeon Overview and Level Annotations

Branches:
Dungeon (5/15)             Temple (0/1) D:5

Altars:
Gozag
Makhleb
Pakellas
Sif Muna
Yredelemnul

Annotations:
D:3 1 exclusion


Innate Abilities, Weirdness & Mutations

You are resistant to torment.
Your stone body is resilient (AC +5).
You are immune to poison.
You resist negative energy.
You are resistant to electric shocks.
You can survive without breathing.
You are immune to petrification.
You are immune to rotting.


Message History

The ogre hits you with a giant spiked club!
* * * LOW HITPOINT WARNING * * *
You hit the ogre.
The ogre is lightly wounded.
The gnoll closely misses you.
You hit the ogre.
The ogre is lightly wounded.
The ogre hits you with a giant spiked club!
* * * LOW HITPOINT WARNING * * *
The gnoll hits you but does no damage.
You hit the ogre.
The ogre is moderately wounded.
The gnoll closely misses you. The ogre barely misses you.
An adder comes into view.
The adder bites you but does no damage.
You see here an inky potion.
The gnoll hits you from afar with a spear.
* * * LOW HITPOINT WARNING * * *
The ogre hits you with a giant spiked club.
You die...

8...8# 8.>.8#
....## 8...8#
..>..##
88.88######
.......
..........# .....#
..#.#####.# ......
.##.#####.#
####...#
.......##.#
#.S.#.#####
###.##.##.#
#!#@.......
#.##.##.#
#.O.#.#####
#.......# ##g## #
#.#####.# #.#
###.# #.# #.#
....# #.# #)#
###.### #.# #.#
#.....###.#####.#
#...............##


You could see an ogre, a gnoll and an adder.

Vanquished Creatures
  The ghost of Chiseanne the Covert, an amateur SpAs (D:4)
  Menkaure (D:5)
  2 phantoms (D:4)
  A water moccasin skeleton (D:5)
  A gnoll shaman (D:4)
  3 orc priests
  4 orc wizards (D:4)
  Ijyb (D:2)
  An iguana (D:4)
  A worker ant (D:4)
  3 gnolls (D:4)
  3 adders
  2 oozes (D:2)
  An adder skeleton (D:4)
  2 worms (D:2)
  A giant gecko (D:4)
  8 orcs
  8 giant cockroaches
  8 goblins
  5 hobgoblins
  11 jackals
  7 kobolds
  3 ball pythons
  12 bats
  2 giant newts
  3 quokkas
  6 rats
  A fungus (D:1)
102 creatures vanquished.

Vanquished Creatures (others)
  An orc wizard (D:4)
1 creature vanquished.

Grand Total: 103 creatures vanquished

Notes
Turn   | Place    | Note
--------------------------------------------------------------
     0 | D:1      | filipzpl the Gargoyle Berserker began the quest for the Orb.
     0 | D:1      | Reached XP level 1. HP: 14/14 MP: 1/1
   139 | D:1      | Reached XP level 2. HP: 19/19 MP: 2/2
   780 | D:2      | Found an oddly glowing altar of Pakellas.
   818 | D:2      | Reached XP level 3. HP: 22/24 MP: 3/3
   905 | D:2      | Reached skill level 4 in Fighting
   930 | D:2      | Reached ** piety under Trog
  1159 | D:2      | Reached XP level 4. HP: 30/30 MP: 4/4
  1342 | D:2      | Found a deep blue altar of Sif Muna.
  1580 | D:2      | Noticed Ijyb
  1592 | D:2      | Killed Ijyb
  2149 | D:3      | Reached skill level 5 in Fighting
  2149 | D:3      | Reached XP level 5. HP: 35/35 MP: 5/5
  2995 | D:4      | Found a burning altar of Makhleb.
  3109 | D:4      | Reached *** piety under Trog
  3165 | D:4      | Found an opulent altar of Gozag.
  3175 | D:4      | Reached skill level 5 in Maces & Flails
  3175 | D:4      | Reached XP level 6. HP: 38/40 MP: 6/6
  3249 | D:4      | Reached skill level 1 in Stealth
  3278 | D:4      | Noticed Chiseanne's ghost (amateur SpAs)
  3548 | D:4      | Killed Chiseanne's ghost
  3548 | D:4      | Reached skill level 6 in Fighting
  3548 | D:4      | Reached XP level 7. HP: 37/46 MP: 7/7
  4436 | D:4      | Found a basalt altar of Yredelemnul.
  4505 | D:5      | Entered Level 5 of the Dungeon
  4505 | D:5      | Found a staircase to the Ecumenical Temple.
  4743 | D:5      | Noticed Menkaure
  4748 | D:5      | Killed Menkaure
  4748 | D:5      | Reached skill level 7 in Fighting
  4748 | D:5      | Reached XP level 8. HP: 51/53 MP: 8/8
  4791 | D:5      | Slain by an ogre

Vault maps used:
D:1:      elethiomel_arrival_infinity_welcomes_careful_drivers,
          hangedman_glass_teeth, minmay_gold_behind_fungi, roderic_lattice_a,
          minmay_fountain_box, minmay_misc_feat_five
D:2:      minmay_door_path, grunt_pakellas_basics, lemuel_doored_altar,
          uniq_iyjb
D:4:      bloody_makhleb, nicolae_overflow_crystal_walls, kennysheep_mini
D:5:      lemuel_coloured_pillars_altar, minmay_temple_entry_statues,
          first_bread, uniq_menkaure

Action                   |  1- 3 |  4- 6 |  7- 9 || total
-------------------------+-------+-------+-------++-------
Melee: Mace              |   122 |   188 |       ||   310
       Flail             |       |       |   101 ||   101
Invok: Burn Spellbooks   |     1 |       |       ||     1
       Berserk           |       |     2 |     1 ||     3
  Use: Scroll            |     6 |     6 |       ||    12
  Eat: Bread ration      |       |     2 |     1 ||     3
       Meat ration       |       |       |     1 ||     1
